 Dungeon Crawl Stone Soup version 0.28.0-53-g5a82cb258f (webtiles) character file.

Game seed: 278576161685308026

1813 quokkamancerX the Cleaver (level 9, -10/70 HPs)
             Began as a Hill Orc Fighter on May 30, 2022.
             Mangled by an ogre
             ... wielding a +0 giant spiked club
              (17 damage)
             ... on level 6 of the Dungeon.
             The game lasted 00:09:44 (5207 turns).

quokkamancerX the Cleaver (Hill Orc Fighter)        Turns: 5207, Time: 00:09:44

Health: -10/70     AC: 11    Str: 23    XL:     9   Next: 10%
Magic:  9/9        EV:  7    Int:  8    God:
Gold:   335        SH:  4    Dex: 10    Spells: 8/8 levels left

rFire   . . .      SeeInvis .   a - +1 war axe
rCold   . . .      Faith    .   c - +0 buckler
rNeg    . . .      Spirit   .   x - +0 chain mail
rPois   .          Reflect  .   (no helmet)
rElec   .          Harm     .   q - +0 cloak
rCorr   +          Rampage  .   o - +0 pair of gloves
Will    .....                   (no boots)
Stlth   ..........              (no amulet)
HPRegen 0.21/turn               p - ring of resist corrosion
MPRegen 0.11/turn               (no ring)

@: no status effects
A: no striking features
a: no special abilities


You were on level 6 of the Dungeon.
You visited 1 branch of the dungeon, and saw 6 of its levels.

You collected 335 gold pieces.

Inventory:

Hand Weapons
 a - a +1 war axe (weapon)
Armour
 c - a +0 buckler (worn)
 o - a +0 pair of gloves (worn)
 q - a +0 cloak (worn)
 x - a +0 chain mail (worn)
Jewellery
 p - a ring of resist corrosion (left hand)
Wands
 t - a wand of iceblast (11)
 u - a wand of flame (19)
Scrolls
 b - a scroll of blinking
 e - 3 scrolls of teleportation
 l - a scroll of vulnerability
 n - a scroll of immolation
Potions
 g - 3 potions of curing
 j - 2 potions of haste
 k - a potion of cancellation {unknown}
 m - a potion of lignification {unknown}
 r - a potion of heal wounds {unknown}
 s - a potion of berserk rage {unknown}
 v - a potion of resistance {unknown}
 z - a potion of ambrosia {unknown}


   Skills:
 - Level 3.6 Fighting
 + Level 14.8 Axes
 - Level 3.2 Armour
 - Level 3.2 Shields


You had 8 spell levels left.
You didn't know any spells.
Your spell library contained the following spells:

 Spells                   Type           Power      Damage    Failure   Level
 Shock                    Conj/Air       0%         1d3       99%         1
 Static Discharge         Conj/Air       0%         N/A       100%        2
 Swiftness                Air            0%         N/A       100%        3
 Vampiric Draining        Necr           0%         2d6       100%        3
 Airstrike                Air            0%         N/A       100%        4
 Dispel Undead            Necr           0%         3d6       100%        4
 Sticky Flame             Conj/Fire      0%         2d3       100%        4


Dungeon Overview and Level Annotations

Branches:
Dungeon (6/15)
 Temple: D:4-7

Altars:
Dithmenos
Qazlal
Uskayaw

Annotations:
D:6 1 runed translucent door, Zeld's ghost, novice DrCj


Message History

Found a scale mail.
You hear the quick rusting of a very distant drain.
You see here 6 gold pieces.
You open the door.
An ogre comes into view. It is wielding a +0 giant spiked club.
The ogre shouts!
There is an open door here.
The wight completely misses you.
You open the door. The wight barely misses you.
The wight hits you with a +0 hand axe.
There is an open door here.
The wight hits you with a +0 hand axe!
* * * LOW HITPOINT WARNING * * *
You feel drained.
* * * LOW HITPOINT WARNING * * *
Found 17 gold pieces and a shortbow.
Found a runed translucent door.
Zeld's ghost turns its malevolent gaze towards you.
You hit the wight.
The wight is lightly damaged.
You closely miss the wight.
The wight is lightly damaged.
The wight completely misses you.
You hit the wight but do no damage.
The wight is lightly damaged.
The wight hits you with a +0 hand axe.
* * * LOW HITPOINT WARNING * * *
You closely miss the wight.
The wight is lightly damaged.
You hit the ogre. The wight hits you but does no damage.
You barely miss the ogre.
The ogre is moderately wounded.
You slash the wight!
You destroy the wight!
The ogre hits you with a +0 giant spiked club!
* * * LOW HITPOINT WARNING * * *
Your life force feels restored.
You barely miss the ogre.
The ogre is moderately wounded.
The ogre hits you with a +0 giant spiked club!
You die...

......# #..
.....$########.#####
......'..O.....#$).#
.....O########.#.≈.#
......# #.#.≈.#
###'##########.#.≈.#
#............#W≈.#
############.##+##
#.)@..# ##O...#
#...## #####


You could see an ogre and Zeld's ghost.

Vanquished Creatures
  The ghost of enile the Sneak, a novice SpEn of Vehumet (D:5)
  Grinder (D:4)
  Menkaure (D:5)
  A sky beast (D:5)
  A necrophage (D:5)
  2 ice beasts
  2 ogres
  A phantom (D:6)
  A scorpion (D:4)
  7 wights
  A bullfrog zombie (D:6)
  A hound (D:4)
  A water moccasin simulacrum (D:5)
  A bullfrog skeleton (D:5)
  An iguana (D:5)
  An orc wizard (D:3)
  A bullfrog simulacrum (D:5)
  A gnoll (D:1)
  4 adders
  A hound simulacrum (D:5)
  A shadow imp (D:5)
  A white imp (D:5)
  A howler monkey simulacrum (D:5)
  2 dart slugs
  A worm (D:5)
  6 orcs
  7 bats
  4 endoplasms
  2 giant cockroaches (D:1)
  5 goblins
  8 hobgoblins
  4 jackals (D:3)
  4 quokkas
  7 ball pythons
  3 frilled lizards
  11 kobolds
  6 rats
104 creatures vanquished.

Vanquished Creatures (others)
  8 fungi (D:5)
  5 toadstools (D:5)
13 creatures vanquished.

Grand Total: 117 creatures vanquished

Notes
Turn   | Place    | Note
-------+----------+-------------------------------------------
     0 | D:1      | quokkamancerX the Hill Orc Fighter began the quest for the
                  | Orb.
     0 | D:1      | Reached XP level 1. HP: 19/19 MP: 1/1
     3 | D:1      | Noticed an electric eel
     4 | D:1      | Noticed an electric eel
    40 | D:1      | Reached skill level 3 in Axes
   259 | D:1      | Reached skill level 4 in Axes
   259 | D:1      | Reached XP level 2. HP: 9/26 MP: 2/2
   717 | D:1      | Reached XP level 3. HP: 31/31 MP: 3/3
  1063 | D:1      | Reached skill level 5 in Axes
  1148 | D:1      | Found a faded altar of an unknown god.
  1412 | D:2      | Reached XP level 4. HP: 31/39 MP: 4/4
  1546 | D:2      | Got the Incunabulum of the Buccaneer
  1765 | D:2      | Reached skill level 6 in Axes
  1992 | D:3      | Reached XP level 5. HP: 40/45 MP: 5/5
  2053 | D:3      | Found a stormy altar of Qazlal.
  2168 | D:3      | Found a shadowy altar of Dithmenos.
  2296 | D:3      | Found a hide-covered altar of Uskayaw.
  2661 | D:4      | Reached skill level 7 in Axes
  2765 | D:4      | Reached skill level 8 in Axes
  2765 | D:4      | Reached XP level 6. HP: 42/51 MP: 6/6
  3102 | D:4      | Noticed Grinder
  3113 | D:4      | Killed Grinder
  3114 | D:4      | Reached skill level 10 in Axes
  3114 | D:4      | Reached XP level 7. HP: 41/57 MP: 7/7
  3339 | D:5      | Entered Level 5 of the Dungeon
  3553 | D:5      | Noticed enile's ghost (novice SpEn)
  3608 | D:5      | Found a runed translucent gate.
  3608 | D:5      | Found a runed translucent gate.
  3608 | D:5      | Found a runed translucent gate.
  3635 | D:5      | Reached skill level 11 in Axes
  3969 | D:5      | Noticed Menkaure
  3977 | D:5      | Killed Menkaure
  3978 | D:5      | Reached skill level 12 in Axes
  3978 | D:5      | Reached XP level 8. HP: 54/64 MP: 8/8
  4221 | D:5      | Killed enile's ghost
  4222 | D:5      | Reached skill level 13 in Axes
  4822 | D:6      | Reached skill level 14 in Axes
  4849 | D:5      | Reached XP level 9. HP: 13/70 MP: 9/9
  5200 | D:6      | Found a runed translucent door.
  5200 | D:6      | Noticed Zeld's ghost (novice DrCj)
  5207 | D:6      | Mangled by an ogre

Illustrated notes

Levels and vault maps discovered:
D:1:      arrival_aquarium_b, layout_basic,
          dreamdust_ecumenical_altar_hidden_monk_grotto
D:2:      layout_rooms, kennysheep_potato
D:3:      layout_basic, nicolae_qazlal_general_emergency,
          nicolae_uskayaw_murder_on_the_dancefloor,
          nicolae_dithmenos_the_darkroom
D:4:      layout_rooms, uniq_grinder
D:5:      layout_loops_ring, gammafunk_ghost_icy, minmay_gold_behind_fungi,
          uniq_menkaure
D:6:      layout_basic, grunt_temple_overflow_opulence,
          minmay_temple_entry_antechambers, serial_shops, nicolae_stop_n_shop_1,
          ebering_ghost_reflecting_pool, portal_sewer_entry_b, uniq_duvessa

Skill      XL: |  1  2  3  4  5  6  7  8 |
---------------+-------------------------+-----
Axes           | 4 5 6 8 10 12 14 | 14.8
Fighting       | |  3.6
Armour         | |  3.2
Shields        | |  3.2

Action                   |  1- 3 |  4- 6 |  7- 9 || total
-------------------------+-------+-------+-------++-------
Melee: War axe           |    89 |   112 |   140 ||   341
  Use: Scroll            |     3 |     2 |     3 ||     8
       Potion            |       |       |     4 ||     4
Armor: Scale mail        |    36 |    42 |       ||    78
       Chain mail        |       |    16 |    51 ||    67
Dodge: Dodged            |    43 |    60 |    27 ||   130
Block: Buckler           |    30 |    14 |    17 ||    61
